 Dungeon Crawl Stone Soup version 0.29.1-12-g30fa7ad0bf (webtiles) character file.

Game seed: 6427313052820399384

1521 hawla the Arsonist (level 9, -5/67 HPs)
             Began as a Meteoran Fire Elementalist on Dec 12, 2022.
             Was a Follower of Vehumet.
             Killed from afar by a steam dragon (30 damage)
             ... with a ball of steam
             ... on level 7 of the Dungeon.
             The game lasted 00:12:26 (3054 turns).

hawla the Arsonist (Meteoran Fire Elementalist)     Turns: 3054, Time: 00:12:27

Health: -5/67      AC:  6    Str:  9    XL:     9   Next: 31%
Magic:  22/22      EV: 13    Int: 22    God:    Vehumet [*.....]
Gold:   201        SH:  0    Dex: 15    Spells: 18/25 levels left

rFire   x . .      SeeInvis +   k - +5 falchion (vamp)
rCold   + . .      Faith    .   (no shield)
rNeg    . . .      Spirit   .   o - +2 robe of Caiqiux {Fly rF- rC+ Archmagi}
rPois   +          Reflect  .   (helmet restricted)
rElec   .          Harm     .   f - +1 cloak
rCorr   .          Rampage  .   (no gloves)
Will    +....      Archmagi +   (no boots)
Stlth   +.........              (no amulet)
HPRegen 0.21/turn               h - ring of poison resistance
MPRegen 0.18/turn               (no ring)

@: flying, glowing
A: sense surroundings 2, otherworldly, glowing, explore regen, antennae 1, see
invisible
a: Renounce Religion


You were on level 7 of the Dungeon.
You worshipped Vehumet.
Vehumet was aware of your devotion.
You visited 1 branch of the dungeon, and saw 7 of its levels.

You collected 201 gold pieces.

Inventory:

Hand Weapons
 k - a +5 vampiric falchion (weapon)
Armour
 f - a +1 cloak (worn)
 o - the +2 robe of Caiqiux (worn) {Fly rF- rC+ Archmagi}
   (You found it on level 5 of the Dungeon)

   rF:        It makes you vulnerable to fire.
   rC:        It protects you from cold.
   Fly:       It grants you flight.
   Archmagi:  It increases the power of your magical spells.
Jewellery
 h - a ring of poison resistance (left hand)
Wands
 m - a wand of roots (11) (quivered)
Potions
 b - 2 potions of magic
 c - a potion of heal wounds {unknown}
 d - a potion of might
 e - 5 potions of curing
 g - a potion of flight


   Skills:
 + Level 2.1 Fighting
 + Level 0.6 Long Blades
 + Level 3.1 Dodging
 - Level 1.4 Stealth
 + Level 8.7 Spellcasting
 + Level 3.3 Conjurations
 + Level 9.0 Fire Magic
 + Level 2.0 Evocations


You had 18 spell levels left.
You knew the following spells:

 Your Spells              Type           Power      Damage    Failure   Level
a - Foxfire               Conj/Fire      100%       2x1d9     1%          1
b - Scorch                Fire           100%       2d10      1%          2
c - Flame Wave            Conj/Fire      53%        2d13      5%          4

Your spell library contained the following spells:

 Spells                   Type           Power      Damage    Failure   Level
 Sandblast                Erth           28%        2d8       7%          1
 Magic Dart               Conj           100%       1d8       1%          1
 Conjure Flame            Conj/Fire      53%        6-21      1%          3
 Searing Ray              Conj           72%        2d7       2%          2
 Inner Flame              Hex/Fire       44%        N/A       3%          3
 Fulminant Prism          Conj/Hex       12%        3d9       34%         4


Dungeon Overview and Level Annotations

Branches:
Dungeon (7/15) Zot: 1140   Temple (0/1) D:5

Altars:
Dithmenos
Fedhas
Sif Muna
Vehumet
Yredelemnul
Zin

Shops:
D:4 *

Annotations:
D:4 1 transporter, FexLirch's ghost, amateur MeWn
D:6 Sigmund


Innate Abilities, Weirdness & Mutations

You passively map the area around you.
You are easily found by Zot.
You glow in the dark.
You regain HP and MP as you explore.
You have a pair of small antennae on your head.
You have supernaturally acute eyesight. (SInv)


Message History

The gnoll hits you with a +0 flail!
Your Fire Magic skill increases to level 9!
A wave of flame ripples out!
The flame wave engulfs the gnoll!!
You kill the gnoll!
Vehumet accepts your kill.
You finish channelling waves of flame.
Unknown command.
Found a flail.
Things that are here:
a +0 flail; a gnoll corpse You now have 201 gold pieces (gained 6).
A steam dragon comes into view.
The steam dragon hisses angrily.
The steam dragon breathes steam at you. The ball of steam hits you!!
The steam scalds you terribly!
* * * LOW HITPOINT WARNING * * *
You reach down and open the door.
You are engulfed in a cloud of scalding steam.
There is an open door here.
You reach down and close the door.
As you read the scroll labelled KEW OSYSHRU, it crumbles to dust.
It is a scroll of enchant weapon.
Your +1 vampiric falchion glows red for a moment.
As you read the scroll of enchant weapon, it crumbles to dust.
Your +2 vampiric falchion glows red for a moment.
As you read the scroll of enchant weapon, it crumbles to dust.
Your +3 vampiric falchion glows red for a moment.
As you read the scroll of enchant weapon, it crumbles to dust.
Your +4 vampiric falchion glows red for a moment.
As you read the scroll labelled GAZEXZIEHI, it crumbles to dust.
It is a scroll of enchant armour.
Your +0 cloak glows green for a moment.
As you read the scroll labelled ISOUM FOECURE, it crumbles to dust.
It is a scroll of brand weapon.
Really abort (and waste the scroll)?
Okay, then.
You start waiting.
The steam dragon breathes steam at you. The ball of steam hits you!!
The steam scalds you terribly!
You die...

,, * * * *, , , *,
* , , , ** , , ,
** , , ####### , ,
, * ##.....# ...+
,* , , , #.@....#
...# . , * ##
##§....#*...##..,
, ** #..
#§....#*....D.. *
, #..##'#####
..... ,, ,
#.)..DW...# ...# ,
#......§D.##...##
, ,*
*#..##).§.§......+
,
#+###))........##*
, * , ,,
#...)..........# ,
*


There were no monsters in sight!

Vanquished Creatures
  A water moccasin (D:7)
  An ice beast (D:6)
  An ogre (D:5)
  A bullfrog (D:7)
  5 scorpions
  9 wights (D:7)
  A howler monkey (D:5)
  A jelly (D:5)
  A gnoll bouda (D:7)
  2 hounds
  An orc priest (D:4)
  2 iguanas
  An orc wizard (D:4)
  7 adders
  3 gnolls (D:7)
  4 worms
  A dart slug (D:4)
  3 orcs
  4 bats
  5 endoplasms
  2 giant cockroaches
  4 goblins
  6 hobgoblins
  5 kobolds
  A quokka (D:1)
  5 ball pythons
  A frilled lizard (D:3)
  3 rats
81 creatures vanquished.

Vanquished Creatures (others)
  181 foxfires
181 creatures vanquished.

Grand Total: 262 creatures vanquished

Notes
Turn   | Place    | Note
-------+----------+-------------------------------------------
     0 | D:1      | hawla the Meteoran Fire Elementalist began the quest for
                  | the Orb.
     0 | D:1      | Reached XP level 1. HP: 14/14 MP: 5/5
   145 | D:1      | Reached XP level 2. HP: 7/22 MP: 2/6
   340 | D:1      | Reached skill level 4 in Fire Magic
   455 | D:1      | Reached XP level 3. HP: 24/27 MP: 6/8
   458 | D:1      | Learned a level 2 spell: Scorch
   669 | D:2      | Reached XP level 4. HP: 34/34 MP: 5/10
   777 | D:3      | Reached XP level 5. HP: 34/39 MP: 4/11
   782 | D:3      | Reached skill level 1 in Fighting
   859 | D:3      | Reached skill level 5 in Fire Magic
   859 | D:3      | Reached XP level 6. HP: 47/47 MP: 4/13
   947 | D:4      | Found Fopsinun's Fabulous Fripperies.
  1104 | D:4      | Found a shadowy altar of Dithmenos.
  1221 | D:4      | Reached skill level 5 in Spellcasting
  1254 | D:4      | Noticed an ogre
  1316 | D:4      | Noticed an ogre
  1316 | D:4      | Noticed FexLirch's ghost (amateur MeWn)
  1317 | D:4      | Found a transporter.
  1359 | D:4      | Found a shimmering blue altar of Sif Muna.
  1384 | D:4      | Noticed an ogre
  1421 | D:4      | Found a blossoming altar of Fedhas.
  1422 | D:4      | Found a radiant altar of Vehumet.
  1673 | D:4      | Became a worshipper of Vehumet
  1726 | D:5      | Entered Level 5 of the Dungeon
  1726 | D:5      | Noticed an ogre
  1729 | D:5      | Killed an ogre
  1730 | D:5      | Reached XP level 7. HP: 32/52 MP: 10/16
  1735 | D:5      | Reached skill level 6 in Fire Magic
  1739 | D:5      | Found a staircase to the Ecumenical Temple.
  1846 | D:5      | Identified the +2 robe of Caiqiux {Fly rF- rC+ Archmagi}
  2168 | D:5      | Reached XP level 8. HP: 37/59 MP: 8/19
  2418 | D:6      | Gained mutation: You have a pair of small antennae on your
                  | head. [potion of mutation]
  2418 | D:6      | Gained mutation: You have supernaturally acute eyesight.
                  | (SInv) [potion of mutation]
  2523 | D:6      | Reached skill level 7 in Fire Magic
  2690 | D:6      | Found a glowing silver altar of Zin.
  2690 | D:6      | Noticed Sigmund
  2692 | D:6      | Found a basalt altar of Yredelemnul.
  2859 | D:7      | Reached skill level 8 in Fire Magic
  2866 | D:7      | Gained mutation: You passively map the area around you.
                  | [Meteoran growth]
  2866 | D:7      | Reached XP level 9. HP: 43/67 MP: 2/21
  2944 | D:7      | Learned a level 4 spell: Flame Wave
  3018 | D:7      | Reached * piety under Vehumet
  3018 | D:7      | Offered knowledge of Sandblast by Vehumet.
  3019 | D:7      | Reached skill level 9 in Fire Magic
  3054 | D:7      | Killed from afar by a steam dragon

Illustrated notes

Levels and vault maps discovered:
D:1:      evilmike_arrival_rings, layout_loops_corners
D:2:      minmay_diamond_boxcup, layout_rooms, grunt_ministairs_11
D:3:      minmay_skewed_foursquare, layout_basic, kiku_gazebo_pond_becter,
          nicolae_wu_jian_wuxing_cycle, kennysheep_nondescript
D:4:      layout_loops_ring, led_sif_pool, nicolae_dithmenos_the_darkroom,
          gammafunk_temple_overflow_statue, gammafunk_ghost_smash,
          nicolae_alphabet_shops
D:5:      layout_basic, minmay_temple_entry_sparse_star,
          chequers_serial_rivers_marsh
D:6:      kennysheep_windowed_halls, layout_basic,
          nicolae_overflow_hidden_temple, uniq_sigmund, uniq_menkaure
D:7:      layout_gridville

Skill      XL: |  1  2  3  4  5  6  7  8  9 |
---------------+----------------------------+-----
Spellcasting   | 3 4 5 7 8 |  8.7
Fire Magic     | 4 5 6 8 9 |  9.0
Conjurations   | 2 3 |  3.3
Fighting       | 1 2 |  2.1
Dodging        | 3 |  3.1
Evocations     | 2 |  2.0
Long Blades    | |  0.6
Stealth        | |  1.4

Action                   |  1- 3 |  4- 6 |  7- 9 || total
-------------------------+-------+-------+-------++-------
Melee: Unarmed           |    15 |     4 |       ||    19
       Punch             |     2 |       |       ||     2
       Falchion          |       |       |     9 ||     9
 Cast: Foxfire           |    39 |    33 |    36 ||   108
       Scorch            |     6 |    20 |    29 ||    55
       Flame Wave        |       |       |     1 ||     1
  Use: Scroll            |       |     5 |    12 ||    17
       Potion            |       |       |     1 ||     1
Armor: Robe              |     9 |       |     7 ||    16
Dodge: Dodged            |    32 |     7 |    14 ||    53
